 Dungeon Crawl Stone Soup version 0.19-a0-684-gf760df0 (webtiles) character file.

44082 Implojin the Grappler (level 13, -1/140 HPs)
             Began as a Troll Fighter on June 18, 2016.
             Was an Elder of Okawaru.
             Succumbed to poison (poison gas)
             ... on level 3 of the Swamp.
             The game lasted 01:12:27 (6463 turns).

Implojin the Grappler (Troll Fighter)               Turns: 6463, Time: 01:12:27

Health: -1/140     AC: 10    Str: 27    XL:     13   Next: 94%
Magic:  18/18      EV: 14    Int:  4    God:    Okawaru [****..]
Gold:   384        SH:  0    Dex: 13    Spells: 0 memorised, 12 levels left

rFire  . . .     SeeInvis .       - Unarmed
rCold  . . .     Gourm    +     a - +0 robe
rNeg   . . .     Faith    +     q - +1 shield {AC+3}
rPois  .         Spirit   .     (helmet restricted)
rElec  .         Dismiss  .     z - +1 cloak {MR+}
rCorr  .         Reflect  .     (gloves unavailable)
SustAt .         Harm     .     (boots unavailable)
MR     +....                    Q - amulet of faith
Stlth  ++........               (no ring)
                                K - ring of stealth

@: confused, lethally poisoned (-1 -> -99), somewhat resistant to hostile
enchantments, unstealthy
A: unfitting armour, claws 3, fast metabolism 3, gourmand, regeneration 2,
shaggy fur 1, tough skin 2
a: Heroism, Renounce Religion


You were on level 3 of the Swamp.
You worshipped Okawaru.
Okawaru was greatly pleased with you.
You were full.

You visited 4 branches of the dungeon, and saw 26 of its levels.

You collected 384 gold pieces.

Inventory:

Hand Weapons
 t - a +0 blowgun
 x - a +0 blowgun
 O - a +2 scimitar of flaming
Missiles
 u - 16 poisoned needles
 w - 3 curare-tipped needles
 D - 4 large rocks (quivered)
Armour
 a - a +0 robe (worn)
 q - a +1 shield of protection (worn)
 y - a -2 cloak
 z - a +1 cloak of magic resistance (worn)
 L - a +2 robe of cold resistance
Jewellery
 n - an uncursed ring of fire
 K - a ring of stealth (left claw)
 P - an uncursed ring of teleportation
 Q - an amulet of faith (around neck)
Wands
 g - a wand of slowing (21/48)
 k - a wand of iceblast (7/15)
Scrolls
 f - 2 scrolls of random uselessness
 h - 2 scrolls of fear
 i - a scroll of amnesia
 m - 3 scrolls of recharging
 r - 2 scrolls of immolation
 v - a scroll of noise
 B - a scroll of enchant weapon {unknown}
 F - 2 scrolls of fog
 G - 3 scrolls of teleportation
 H - a scroll of remove curse
 J - a scroll of acquirement {unknown}
Potions
 c - 3 potions of might
 e - a potion of agility
 p - a potion of degeneration
 M - a potion of cancellation
Books
 C - a book of Changes

   Spells                             Type                      Level
   a - Beastly Appendage              Transmutation                1
   b - Sticks to Snakes               Transmutation                2
   c - Spider Form                    Transmutation/Poison         3
   d - Ice Form                       Ice/Transmutation            4
   e - Blade Hands                    Transmutation                5
Miscellaneous
 j - a sack of spiders
 R - a phantom mirror
Comestibles
 d - 2 bread rations
 l - 4 meat rations
 o - a beef jerky


   Skills:
 - Level 12.0 Fighting
 * Level 10.4 Dodging
 - Level 5.8 Shields
 - Level 12.2 Unarmed Combat
 - Level 8.1 Invocations


You had 12 spell levels left.
You didn't know any spells.

Dungeon Overview and Level Annotations

Branches:
Dungeon (15/15)            Temple (1/1) D:5            Lair (6/6) D:9
  Swamp (4/4) Lair:2        Slime (0/5) Lair:5       Vaults (0/5) D:14
 Depths (0/5) D:15
  Snake: Lair:2-4    Spider: Lair:2-4       Orc: D:9-12

Altars:
Ashenzari
Elyvilon
Fedhas
Gozag
Hepliaklqana
Makhleb
Nemelex Xobeh
Okawaru
Pakellas
Ru
Trog
Yredelemnul
Zin
The Shining One
Jiyva

Shops:
D:4 [

Annotations:
D:3 exclusion: upstairs
D:13 exclusion: upstairs
D:14 exclusion: 2 upstairs
D:15 exclusion: upstairs
Lair:2 exclusion: upstairs
Lair:3 exclusions: oklob plant and upstairs
Lair:4 exclusion: downstairs
Lair:5 exclusion: upstairs
Swamp:3 exclusion: upstairs


Innate Abilities, Weirdness & Mutations

You are too large for most types of armour.
You have claws for hands.
Your metabolism is lightning-fast.
You like to eat raw meat.
You heal very quickly.
You are covered in fur. (AC +1)
You have very tough skin. (AC +2)


Message History

The swamp dragon is almost dead.
You are engulfed in poison gas.
You are more poisoned.
* * * LOW HITPOINT WARNING * * *
* * * LOW HITPOINT WARNING * * *
You feel extremely sick. You block the swamp dragon's attack.
The swamp dragon claws you but does no damage.
The swamp dragon tramples you but does no damage.
You mangle the swamp dragon!!
You kill the swamp dragon!
Okawaru accepts your kill.
You are engulfed in poison gas.
You are more poisoned.
* * * LOW HITPOINT WARNING * * *
* * * LOW HITPOINT WARNING * * *
You feel very sick.
It was a potion of heal wounds.
You feel much better.
You are engulfed in poison gas.
You are more poisoned.
* * * LOW HITPOINT WARNING * * *
* * * LOW HITPOINT WARNING * * *
You feel extremely sick.
* * * LOW HITPOINT WARNING * * *
You feel extremely sick.
It was a potion of cure mutation.
It has a very clean taste.
* * * LOW HITPOINT WARNING * * *
You feel extremely sick.
Enter note: welp
Okay, then.
Okay, then.
Enter note: ^Qyes{13} Your magical effects are unravelling.
You feel magically purged.
You feel a little less mighty now.
You feel like a meek peon again.
* * * LOW HITPOINT WARNING * * *
You feel extremely sick.
You are confused.
You feel invigorated.
You die...

.≈≈.♣♣≈≈≈≈≈.♣♣♣♣♣....≈≈..≈.≈♣...♣
.≈≈.♣♣.≈♣≈..♣ ♣.....≈.§≈.≈≈≈♣.≈
.≈≈.♣♣≈≈≈≈≈♣♣ ♣♣≈........≈≈....
.≈..♣≈♣.≈.♣♣ ♣.≈...≈...≈.≈≈.≈.
.≈.♣≈≈).≈.♣ ♣.≈.♣.§≈≈≈.≈≈≈...
♣≈≈.......♣♣ ♣♣.≈≈♣♣.≈.≈≈...§..
♣..♣≈≈≈.♣.♣ ♣≈.≈♣♣♣.≈♣≈≈.♣<...
♣.≈≈.≈..♣♣ ♣♣≈♣.♣♣♣♣≈≈≈≈≈≈.≈..
♣..≈..≈♣♣ ♣.@.♣.♣ ♣≈≈≈≈≈♣....
♣♣$≈≈≈≈♣ ♣♣>..≈♣♣ ♣≈≈≈.♣.≈≈≈.
♣.≈≈≈≈♣ ♣..≈≈≈♣ ♣≈.....♣.≈≈
♣.....♣ ♣.♣≈♣.♣ ♣♣≈≈≈≈♣≈≈.≈.
♣.≈≈>.♣♣ ♣♣.≈§≈.♣ ♣.≈≈.≈♣≈≈.♣♣
♣♣...♣.♣ ♣..≈≈≈.♣ ♣.≈..≈≈≈.♣
♣.≈..♣♣♣♣.≈≈.♣≈♣ ♣≈..≈≈≈≈≈♣
♣.≈≈.♣ ♣..≈≈§♣≈♣♣ ♣≈≈.♣≈.≈.♣
♣....♣♣♣≈≈≈≈≈♣♣)♣ ♣.≈.≈♣≈≈≈♣


There were no monsters in sight!

Vanquished Creatures
  6 dire elephants (Lair:6)
  Snorg (Lair:6)
  4 vault guards (D:14)
  6 hydras
  A ghost crab (Swamp:4)
  Erica (Lair:2)
  A centaur warrior (D:15)
  An anaconda (Lair:6)
  An alligator (Swamp:1)
  2 tengu warriors (D:14)
  Urug (D:13)
  A spriggan druid (Swamp:4)
  A shambling mangrove (Swamp:3)
  4 swamp dragons (Swamp:3)
  An unseen horror (D:14)
  A griffon (Lair:6)
  A deep elf mage (D:15)
  4 hornets
  A cyclops (D:14)
  4 elephants (Lair:6)
  3 black mambas
  A centaur zombie (D:14)
  3 centaur skeletons
  7 spiny frogs
  4 komodo dragons
  A troll (D:14)
  2 giant leeches
  A polar bear (Lair:3)
  A two-headed ogre (D:11)
  12 blink frogs
  9 slime creatures
  2 bog bodies
  3 spriggans
  A basilisk (Lair:1)
  7 vampire mosquitoes
  18 swamp worms
  3 insubstantial wisps
  2 water moccasins
  2 porcupines
  4 swamp drakes
  An ice beast (D:14)
  3 wasps
  2 orc warriors
  2 ogres (D:4)
  10 wolves
  2 crocodiles
  A centaur (D:9)
  A big kobold (D:8)
  3 giant frogs
  A wyvern zombie (D:10)
  2 scorpions
  5 wights
  2 howler monkeys
  An electric eel (Lair:2)
  3 crimson imps
  A jelly (D:12)
  An orc priest (D:6)
  2 hounds (D:4)
  2 iguanas
  6 orc wizards
  3 worker ants
  A hound skeleton (D:6)
  6 river rats
  An adder (D:3)
  A shadow imp (D:7)
  A dart slug (D:3)
  11 orcs
  3 goblins
  A hobgoblin (D:3)
  21 kobolds
  A quokka (D:3)
  A bat (D:3)
  2 giant newts
  15 rats
  5 plants
253 creatures vanquished.

Vanquished Creatures (others)
  An insubstantial wisp (Swamp:4)
  4 fungi
  2 plants (Lair:6)
7 creatures vanquished.

Grand Total: 260 creatures vanquished

Notes
Turn   | Place    | Note
--------------------------------------------------------------
     0 | D:1      | Implojin the Troll Fighter began the quest for the Orb.
     0 | D:1      | Reached XP level 1. HP: 22/22 MP: 0/0
   147 | D:2      | Found a faded altar of an unknown god.
   217 | D:3      | Reached skill level 3 in Unarmed Combat
   217 | D:3      | Reached XP level 2. HP: 29/29 MP: 1/1
   297 | D:3      | Found a shattered altar of Ashenzari.
   298 | D:3      | Found an oddly glowing altar of Pakellas.
   353 | D:3      | Reached XP level 3. HP: 31/36 MP: 2/2
   390 | D:4      | Found Ydwim's Armour Shop.
   390 | D:4      | Found a hazy altar of Hepliaklqana.
   390 | D:4      | Noticed an ogre
   408 | D:4      | Killed an ogre
   408 | D:4      | Reached skill level 5 in Unarmed Combat
   408 | D:4      | Reached XP level 4. HP: 21/44 MP: 3/3
   443 | D:4      | Noticed an ogre
   451 | D:4      | Killed an ogre
   451 | D:4      | Reached XP level 5. HP: 50/50 MP: 4/4
   456 | D:4      | Reached skill level 6 in Unarmed Combat
   529 | D:4      | Found a sparkling altar of Nemelex Xobeh.
   529 | D:4      | Found an opulent altar of Gozag.
   561 | D:4      | Reached XP level 6. HP: 59/59 MP: 5/5
   604 | D:4      | Reached skill level 7 in Unarmed Combat
   618 | D:5      | Entered Level 5 of the Dungeon
   652 | D:5      | Found a staircase to the Ecumenical Temple.
   662 | Temple   | Entered the Ecumenical Temple
   670 | Temple   | Became a worshipper of Warmaster Okawaru
   729 | D:6      | Noticed an orc warrior
   730 | D:6      | Found a burning altar of Makhleb.
   741 | D:6      | Killed an orc warrior
   741 | D:6      | Reached XP level 7. HP: 46/66 MP: 6/6
   763 | D:6      | Reached skill level 8 in Unarmed Combat
   778 | D:6      | Reached * piety under Okawaru
  1065 | D:8      | Reached skill level 9 in Unarmed Combat
  1330 | D:10     | Entered Level 10 of the Dungeon
  1374 | D:9      | Found a glowing silver altar of Zin.
  1471 | D:11     | Noticed a two-headed ogre
  1479 | D:11     | Reached XP level 8. HP: 74/74 MP: 4/7
  1482 | D:11     | Killed a two-headed ogre
  1482 | D:11     | Reached skill level 10 in Unarmed Combat
  1614 | D:13     | Noticed Urug
  1626 | D:13     | Killed Urug
  1626 | D:13     | Reached ** piety under Okawaru
  1626 | D:13     | Reached skill level 11 in Unarmed Combat
  1651 | D:13     | Noticed a five-headed hydra
  1714 | D:12     | Reached XP level 9. HP: 74/80 MP: 8/8
  1730 | D:13     | Reached *** piety under Okawaru
  1730 | D:13     | Reached skill level 12 in Unarmed Combat
  1735 | D:14     | Noticed a cyclops
  1746 | D:14     | Killed a cyclops
  1746 | D:14     | Reached skill level 4 in Fighting
  1766 | D:14     | :vaults entry vault
  1771 | D:14     | Found a gate to the Vaults.
  1771 | D:14     | Noticed a vault guard
  1771 | D:14     | Noticed a vault guard
  1771 | D:14     | Noticed a vault guard
  1776 | D:14     | Noticed a vault guard
  1778 | D:14     | Reached skill level 5 in Fighting
  1781 | D:14     | Reached **** piety under Okawaru
  1783 | D:14     | Noticed a komodo dragon
  1796 | D:14     | Killed a vault guard
  1796 | D:14     | Reached skill level 6 in Fighting
  1801 | D:14     | Killed a vault guard
  1801 | D:14     | Reached skill level 7 in Fighting
  1801 | D:14     | Reached XP level 10. HP: 45/102 MP: 6/9
  1811 | D:14     | Reached ***** piety under Okawaru
  1818 | D:14     | Killed a vault guard
  1818 | D:14     | Reached skill level 3 in Invocations
  1829 | D:14     | HP: 2/104 [ice beast (14)]
  2001 | D:14     | Killed a vault guard
  2001 | D:14     | Reached skill level 8 in Fighting
  2014 | D:14     | Reached skill level 9 in Fighting
  2059 | D:14     | Killed an unseen horror
  2173 | D:14     | Noticed a tengu warrior
  2173 | D:14     | Noticed a tengu warrior
  2195 | D:14     | Killed a tengu warrior
  2195 | D:14     | Reached XP level 11. HP: 83/117 MP: 5/12
  2198 | D:14     | Killed a tengu warrior
  2198 | D:14     | Reached skill level 10 in Fighting
  2224 | D:15     | Entered Level 15 of the Dungeon
  2291 | D:15     | Noticed a centaur warrior
  2303 | D:15     | Killed a centaur warrior
  2363 | D:15     | Noticed a deep elf mage
  2364 | D:15     | Noticed an orc sorcerer
  2375 | D:15     | Killed a deep elf mage
  2384 | D:15     | Noticed an orc sorcerer
  2390 | D:15     | why
  2583 | D:9      | Found a staircase to the Lair.
  2588 | Lair:1   | Entered Level 1 of the Lair of Beasts
  2610 | Lair:2   | Received a gift from Okawaru
  2740 | Lair:2   | Found a staircase to the Swamp.
  2747 | Lair:2   | Reached skill level 11 in Fighting
  2756 | Lair:2   | :probably swamp but no hp for mimic check
  2788 | Lair:2   | You fall through a shaft!
  2916 | Lair:5   | Noticed an eight-headed hydra
  3019 | Lair:5   | Found a viscous altar of Jiyva.
  3021 | Lair:5   | Found a staircase to the Slime Pits.
  3140 | Lair:6   | Entered Level 6 of the Lair of Beasts
  3212 | Lair:6   | Reached skill level 12 in Fighting
  3365 | Lair:6   | Noticed a griffon
  3378 | Lair:6   | Killed a griffon
  3378 | Lair:6   | Reached skill level 3 in Shields
  3391 | Lair:6   | Noticed Snorg
  3403 | Lair:6   | Killed Snorg
  3403 | Lair:6   | Reached skill level 4 in Shields
  3496 | Lair:6   | Reached XP level 12. HP: 88/132 MP: 10/13
  3506 | Lair:6   | :ring behind statue
  3604 | Lair:6   | Reached skill level 5 in Shields
  3694 | Lair:6   | Noticed an anaconda
  3708 | Lair:6   | Killed an anaconda
  3788 | Lair:6   | Noticed a dire elephant
  3788 | Lair:6   | Noticed a dire elephant
  3798 | Lair:6   | Killed a dire elephant
  3798 | Lair:6   | Reached skill level 4 in Invocations
  3804 | Lair:6   | Killed a dire elephant
  3804 | Lair:6   | Reached skill level 5 in Invocations
  3883 | Lair:6   | Noticed a dire elephant
  3897 | Lair:6   | Killed a dire elephant
  3897 | Lair:6   | Received a gift from Okawaru
  3897 | Lair:6   | Reached skill level 6 in Invocations
  3916 | Lair:6   | Noticed a dire elephant
  3933 | Lair:6   | Killed a dire elephant
  3940 | Lair:6   | Noticed a dire elephant
  3943 | Lair:6   | Noticed a dire elephant
  3985 | Lair:6   | Killed a dire elephant
  3985 | Lair:6   | Reached skill level 7 in Invocations
  3994 | Lair:6   | Killed a dire elephant
  4126 | Lair:6   | Noticed an eight-headed hydra
  4241 | Lair:3   | Reached skill level 8 in Invocations
  4268 | Lair:2   | Noticed Erica
  4269 | Lair:2   | :erice w flaming scimitar take that
  4308 | Lair:3   | Reached skill level 3 in Dodging
  4389 | Lair:2   | Noticed a seven-headed hydra
  4398 | Lair:2   | asdfgh
  4413 | Lair:3   | Killed a ten-headed hydra
  4413 | Lair:3   | Reached skill level 4 in Dodging
  4559 | Lair:2   | Killed Erica
  4616 | Lair:2   | Reached XP level 13. HP: 140/140 MP: 18/18
  4660 | Lair:2   | Reached skill level 5 in Dodging
  4695 | Swamp:1  | Entered Level 1 of the Swamp
  4797 | Swamp:2  | Reached skill level 6 in Dodging
  4922 | Swamp:3  | :nito
  5031 | Swamp:4  | Entered Level 4 of the Swamp
  5050 | Swamp:3  | Reached skill level 7 in Dodging
  5144 | Swamp:3  | bah
  5403 | Swamp:3  | Received a gift from Okawaru
  5413 | Swamp:3  | Reached skill level 8 in Dodging
  5549 | Swamp:4  | Received a gift from Okawaru
  5565 | Swamp:4  | Reached skill level 9 in Dodging
  5663 | Swamp:4  | this is a terrible plan
  5837 | Swamp:3  | Reached skill level 10 in Dodging
  5942 | Swamp:3  | so many turns
  6399 | Swamp:3  | asdgjl
  6399 | Swamp:3  | still technically ahead by ~2600 turns but
  6399 | Swamp:3  | jeez
  6399 | Swamp:3  | :need a hide
  6462 | Swamp:3  | welp
  6462 | Swamp:3  | ^Qyes{13}
  6462 | Swamp:3  | HP: 2/140 [poison (poison gas)]
  6463 | Swamp:3  | Succumbed to poison (poison gas)

Vault maps used:
D:1:      eino_arrival_cavern_c, serial_glass, glass_columns_b, glass_columns_a
D:2:      ecumenical_altar_2, uniq_robin
D:3:      gammafunk_temple_overflow_statue, minmay_rat_hole
D:4:      grunt_temple_overflow_opulence, lemuel_crystal_altar,
          lemuel_crystal_altar, serial_shops, nicolae_shop_waterfront,
          first_bread, okawaru_trees_1
D:5:      minmay_temple_entry_mist
D:6:      lemuel_doored_altar, basic_altar, serial_shops,
          nicolae_shop_temple_entry_statues_fountains
D:7:      led_sif_pool
D:8:      kennysheep_kobold_camp, hangedman_pestilent_swarm,
          kennysheep_just_a_vault
D:9:      minmay_twisted_water, nicolae_overflow_hidden_temple,
          lemuel_round_altar, lair_0_dummy, orc_0_dummy
D:12:     lightli_wizard_tower, uniq_fannar
D:13:     nicolae_ru_the_path_less_chosen, uniq_urug
D:14:     lightli_vaults_fourway_checkpoint, trog_wizard
D:15:     grunt_enter_depths_magical_seal, elyvilon_altar_1,
          einodemon_crawler_minivault
Temple:   circular_temple_12
Lair:2:   nicolae_swamp_entry_splash_gauntlet, lab_entry_generic, minivault_25,
          uniq_erica
Lair:3:   grunt_megastairs_2, lemuel_fruit_fields
Lair:4:   spider_nest_entry_funnel_web, bh_chokoban, ice2_lemuel
Lair:5:   slime_altar_1
Lair:6:   due_jungle_book, grunt_forest_large_clearings, uniq_snorg
Swamp:1:  evilmike_swamp_ruin_rubble_1, swamp_pool2, infiniplex_staircase_pool_2
Swamp:2:  nicolae_swamp_very_dense_foliage, uniq_nikola
Swamp:3:  evilmike_swamp_ruin_house_3, swamp_pool5
Swamp:4:  swamp_alternative, infiniplex_staircase_pool

Skill      XL: |  1  2  3  4  5  6  7  8  9 10 11 12 13 |
---------------+----------------------------------------+-----
Unarmed Combat | 3 5 6 7 9 11 12 | 12.2
Fighting       | 7 9 12 | 12.0
Invocations    | 3 8 |  8.1
Shields        | 4 5 |  5.8
Dodging        | 4 10 | 10.4

Action                   |  1- 3 |  4- 6 |  7- 9 | 10-12 | 13-15 || total
-------------------------+-------+-------+-------+-------+-------++-------
Melee: Unarmed           |    49 |    59 |   157 |   406 |   262 ||   933
       Scimitar          |       |       |       |       |    14 ||    14
 Fire: Blowgun           |       |       |     2 |     2 |       ||     4
Throw: Javelin           |       |       |       |    13 |     4 ||    17
       Large rock        |       |       |       |     8 |     4 ||    12
       Tomahawk          |       |       |       |       |     8 ||     8
Invok: Heroism           |       |       |    10 |    37 |    23 ||    70
       Finesse           |       |       |       |    10 |     5 ||    15
  Use: Scroll            |     3 |     1 |     6 |    10 |     2 ||    22
       Potion            |       |       |     2 |     3 |     7 ||    12
 Stab: Sleeping          |       |       |       |     1 |       ||     1
  Eat: Chunk             |     6 |     6 |     9 |    25 |    15 ||    61
Armor: Robe              |    15 |    11 |    17 |    52 |    37 ||   132
Dodge: Dodged            |     7 |    10 |    40 |   113 |   104 ||   274
Block: Shield            |    19 |    18 |    47 |   169 |   146 ||   399

Table legend:
 A = Turns spent in this place as a percentage of turns spent in the entire game.
 B = Non-inter-level travel turns spent in this place as a percentage of non-inter-level travel turns spent in the entire game.
 C = Inter-level travel turns spent in this place as a percentage of turns spent in this place.
 D = Turns resting spent in this place as a percentage of non-inter-level travel turns spent in this place.
 E = Turns spent auto-exploring this place as a percentage of non-inter-level travel turns spent in this place.
 F = Non-inter-level travel turns spent in this place divided by the number of levels of this place that you've seen.
                   A       B       C       D       E      F
               +-------+-------+-------+-------+-------+----------------------
         Total | 100.0 | 100.0 |   0.0 |   0.7 |   0.0 | 223.9
       Dungeon |  41.3 |  41.3 |   0.0 |   0.4 |   0.0 | 160.3
        Temple |   0.3 |   0.3 |   0.0 |   0.0 |   0.0 |  16.0
          Lair |  35.1 |  35.1 |   0.0 |   0.1 |   0.0 | 340.8
         Swamp |  23.3 |  23.3 |   0.0 |   2.1 |   0.0 | 339.0
               +-------+-------+-------+-------+-------+----------------------

Table legend:
 A = Kills in this place as a percentage of kills in entire the game.
 B = Kills by you in this place as a percentage of kills by you in the entire game.
 C = Kills by friends in this place as a percentage of kills by friends in the entire game.
 D = Other kills in this place as a percentage of other kills in the entire game.
 E = Experience gained in this place as a percentage of experience gained in the entire game.
 F = Experience gained in this place divided by the number of levels of this place that you have seen.
                   A       B       C       D       E      F
               +-------+-------+-------+-------+-------+----------------------
         Total | 100.0 | 100.0 |  -nan | 100.0 | 100.0 | 2422.1
       Dungeon |  45.8 |  46.0 |  -nan |   0.0 |  22.8 | 958.8
          Lair |  27.7 |  27.8 |  -nan |   0.0 |  39.2 | 4114.2
         Swamp |  26.5 |  26.2 |  -nan | 100.0 |  38.0 | 5977.0
               +-------+-------+-------+-------+-------+----------------------
